 Dungeon Crawl Stone Soup version 0.18-a0-750-g37044d6 (webtiles) character file.

19 FilthyCasual the Insei (level 2, -1/24 HPs)
             Began as a Mummy Monk on Dec 11, 2015.
             Slain by a jackal (2 damage)
             ... on level 1 of the Dungeon.
             The game lasted 00:00:47 (352 turns).

FilthyCasual the Insei (Mummy Monk)                  Turns: 352, Time: 00:00:47

Health: -1/24      AC:  2    Str: 14    XL:     2   Next: 55%
Magic:  2/2        EV: 13    Int:  9    God:
Gold:   50         SH:  0    Dex: 14    Spells: 0 memorised, 1 level left

rFire  x . .     SeeInvis .       - Unarmed
rCold  + . .     Clarity  .     a - +0 robe
rNeg   + + +     SustAt   .     (no shield)
rPois  ∞         Gourm    .     b - +0 hat
rElec  .         Spirit   .     (no cloak)
rCorr  .         Dismiss  .     (no gloves)
rMut   .         Stasis   .     (no boots)
MR     .....                    (no amulet)
Stlth  ++........               (no ring)
                                (no ring)

@: not resistant to hostile enchantments, unstealthy
A: no food or potions, fire vulnerability, cold resistance 1, negative energy
resistance 3, torment resistance, unbreathing
a: no special abilities


You were on level 1 of the Dungeon.
You were not hungry.

You visited 1 branch of the dungeon, and saw 1 of its levels.

You collected 50 gold pieces.


Innate Abilities, Weirdness & Mutations

You do not eat or drink.
Your flesh is vulnerable to fire.
You are immune to poison.
Your flesh is cold resistant.
You are immune to negative energy.
You are immune to unholy pain and torment.
You can survive without breathing.


   Skills:
 - Level 3.0 Fighting
 - Level 2.4 Dodging
 - Level 1.5 Stealth
 + Level 3.9 Unarmed Combat


You had one spell level left.
You didn't know any spells.

Inventory:

Armour
 a - a +0 robe (worn)
 b - a +0 hat (worn)

Dungeon Overview and Level Annotations

Branches:
Dungeon (1/15)

Altars:

.(....▒▒... ....
▒.▒......▒ ▒..▒▒▒
........▒. ▒.....
▒.........▒▒▒.▒..▒
▒.......▒......%..
▒.†.....▒.▒ ▒.....
▒.▒▒..▒▒▒.▒ ▒.....
▒†▒▒▒.▒▒..▒▒▒.....
▒Mh▒▒....▒.......(
▒▒▒..▒▒▒..▒.▒▒▒..).
▒.....▒▒....▒ ▒..▒.
▒.........▒▒▒ ▒▒)▒.
▒.........▒ ▒...
▒.....▒...▒ ....
▒.....▒...▒ ...▒.
▒.........▒ ..▒...
▒.....▒........▒▒..


You could see a jackal.


Message History

You are too injured to fight recklessly!
You barely miss the jackal.
The jackal bites you but does no damage.
You barely miss the jackal. The jackal bites you.
* * * LOW HITPOINT WARNING * * *
You barely miss the jackal. You hit the jackal.
The jackal is moderately wounded.
The jackal bites you but does no damage. x2
The jackal closely misses you.
You hit the jackal.
You kill the jackal!
The jackal misses you.
You swing at nothing.
The jackal bites you.
* * * LOW HITPOINT WARNING * * *
You swing at nothing.
The jackal barely misses you.
You swing at nothing.
The jackal misses you. The jackal barely misses you.
You swing at nothing.
The jackal barely misses you.
You swing at nothing.
The jackal misses you.
You swing at nothing.
The jackal bites you.
* * * LOW HITPOINT WARNING * * *
The jackal bites you.
* * * LOW HITPOINT WARNING * * *
You swing at nothing.
The jackal bites you.
* * * LOW HITPOINT WARNING * * *
You swing at nothing.
The jackal closely misses you.
You swing at nothing.
The jackal bites you.
* * * LOW HITPOINT WARNING * * *
You swing at nothing.
The jackal bites you.
You die...

Action                   || total
-------------------------++-------
Melee: Unarmed           ||    52
 Stab: Sleeping          ||     1

Vault maps used:
D:1:      shiori_arrival_whats_in_store_for_you, minmay_misc_feat_rugged

Notes
Turn   | Place    | Note
--------------------------------------------------------------
     0 | D:1      | FilthyCasual the Mummy Monk began the quest for the Orb.
     0 | D:1      | Reached XP level 1. HP: 18/18 MP: 1/1
     0 | D:1      | Noticed a draconian zombie
     2 | D:1      | Noticed an elf zombie
     3 | D:1      | Noticed a vine stalker zombie
    13 | D:1      | Noticed a formicid zombie
    14 | D:1      | Noticed a minotaur zombie
    15 | D:1      | Noticed an octopode zombie
    19 | D:1      | Noticed a draconian zombie
    20 | D:1      | Noticed a human zombie
    20 | D:1      | Noticed a troll zombie
    22 | D:1      | Noticed a minotaur zombie
    24 | D:1      | Noticed an elf zombie
    27 | D:1      | Noticed an octopode zombie
   238 | D:1      | Reached XP level 2. HP: 24/24 MP: 2/2
   349 | D:1      | HP: 1/24 [jackal (2)]
   352 | D:1      | Slain by a jackal

Vanquished Creatures
  A giant gecko (D:1)
  A giant cockroach (D:1)
  2 goblins (D:1)
  3 hobgoblins (D:1)
  2 jackals (D:1)
  3 kobolds (D:1)
  2 bats (D:1)
  A giant newt (D:1)
  A rat (D:1)
16 creatures vanquished.
